 Dungeon Crawl Stone Soup version 0.31.0-32-g396128a36d (webtiles) character file.

Game seed: 13529241811482573105

126313 Peloso the Fencer (level 16, -3/151 (154) HPs)
             Began as a Minotaur Fighter on Mar 18, 2024.
             Was the Champion of Okawaru.
             Succumbed to a wolf spider's poison
             ... on level 3 of the Lair of Beasts.
             The game lasted 01:32:11 (27129 turns).

Peloso the Fencer (Minotaur Fighter)               Turns: 27129, Time: 01:32:11

HP:   -3/151 (154)  AC: 25    Str: 24    XL:     16   Next: 43%
MP:   15/15         EV:  8    Int:  5    God:    Okawaru [******]
Gold: 1623          SH:  0    Dex: 21    Spells: 15/15 levels left

rFire   . . .        a - +3 scimitar (spect)
rCold   . . .        d - +2 buckler
rNeg    . . .        t - +0 crystal plate armour
rPois   .            (helmet currently unavailable)
rElec   .            (cloak currently unavailable)
rCorr   .            G - melded +0 pair of gloves
SInv    +            S - melded +2 pair of boots
Will    +....        k - amulet of regeneration Stlth
                     I - +6 ring of dexterity
HPRegen 1.25/turn    h - ring of see invisible
MPRegen 0.14/turn

%: no passive effects
@: confused, lethally poisoned (-3 -> -49), beast-form, ambrosia-drunk, studying
Translocations, lightly drained
A: beast (slay +3), horns 2, retaliatory headbutt
a: Begin Untransformation, Renounce Religion, Heroism, Finesse, Duel, Receive
Weapon, Receive Armour


You were on level 3 of the Lair of Beasts.
You worshipped Okawaru.
Okawaru was exalted by your worship.
You were a hulking beast.
You visited 7 branches of the dungeon, and saw 26 of its levels.
You also visited: Sewer, Bailey and Ice Cave.

You collected 2209 gold pieces.
You spent 586 gold pieces at shops.

Inventory:

Hand Weapons
 a - a +3 spectral scimitar (weapon)
 b - a +2 scimitar of flaming
Armour
 d - a +2 buckler (worn)
 t - a +0 crystal plate armour (worn)
 F - a +2 scale mail of fire resistance
 G - a +0 pair of gloves (melded)
 S - a +2 pair of boots (melded)
 V - the +1 hat of Hadetuic {rPois}
   (You found it in an ice cave)

   rPois:     It protects you from poison
Jewellery
 h - a ring of see invisible (right hand)
 k - an amulet of regeneration (around neck)
 n - a ring of protection from cold
 I - a +6 ring of dexterity (left hand)
Talismans
 i - a maw talisman
 v - a beast talisman (active)
 z - a granite talisman
 M - a serpent talisman
Wands
 g - a wand of digging (1)
 l - a wand of acid (19)
 y - a wand of flame (26)
 J - a wand of roots (14)
Scrolls
 c - a scroll of fear
 j - a scroll of brand weapon
 p - a scroll of enchant armour
 s - 4 scrolls of identify
 u - 4 scrolls of amnesia
 w - 4 scrolls of immolation
 x - a scroll of enchant weapon
 A - 2 scrolls of acquirement
 L - 3 scrolls of poison
 P - 4 scrolls of revelation
 R - 3 scrolls of fog
 X - a scroll of teleportation
Potions
 e - a potion of enlightenment
 f - 6 potions of might
 m - a potion of haste
 o - 3 potions of magic
 q - 2 potions of invisibility
 r - a potion of brilliance
 O - 3 potions of berserk rage


   Skills:
 + Level 16.8 Fighting
 + Level 18.9 Long Blades
 + Level 18.2 Armour
 + Level 3.7 Dodging
 + Level 5.0 Stealth
 + Level 14.5 Shields
 + Level 1.2 Invocations
 + Level 1.3 Evocations
 + Level 5.7 Shapeshifting


You had 15 spell levels left.
You didn't know any spells.
Your spell library contained the following spells:

 Spells                   Type           Power      Damage    Failure   Level
 Sting                    Conj/Alch      0%         1d3       100%        1
 Blink                    Tloc           0%         N/A       100%        2
 Lesser Beckoning         Tloc           0%         N/A       100%        2
 Mercury Vapours          Alch/Air       0%         N/A       100%        2
 Momentum Strike          Conj/Tloc      0%         3d8       100%        2
 Dazzling Flash           Conj/Hex       0%         N/A       100%        3
 Gell's Gravitas          Tloc           0%         N/A       100%        3
 Hailstorm                Conj/Ice       0%         3d5       100%        3
 Inner Flame              Hex/Fire       0%         N/A       100%        3
 Mephitic Cloud           Conj/Alch/Air  0%         N/A       100%        3
 Stone Arrow              Conj/Erth      0%         3d7       100%        3
 Teleport Other           Tloc           0%         N/A       100%        3
 Volatile Blastmotes      Fire/Tloc      0%         2d10      100%        3
 Anguish                  Hex/Necr       0%         N/A       100%        4
 Cause Fear               Hex            0%         N/A       100%        4
 Fulminant Prism          Conj/Alch      0%         3d5       100%        4
 Ignite Poison            Fire/Alch      0%         N/A       100%        4
 Iskenderun's Mystic Bla  Conj/Tloc      0%         2d3       100%        4
 Olgreb's Toxic Radiance  Alch           0%         N/A       100%        4
 Sticky Flame             Fire/Alch      0%         2d4       100%        4
 Vhi's Electric Charge    Tloc/Air       0%         N/A       100%        4
 Arcjolt                  Conj/Air       0%         1d10      100%        5
 Freezing Cloud           Conj/Ice/Air   0%         6-21      100%        5
 Irradiate                Conj/Alch      0%         3d11      100%        5
 Dispersal                Tloc           0%         N/A       100%        6
 Enfeeble                 Hex            0%         N/A       100%        7
 Ignition                 Fire           0%         3d3       100%        8
 Maxwell's Capacitive Co  Air            0%         ∞         100%        8
 Summon Ice Beast         Ice/Summ       Unusable   N/A       N/A         3
 Sculpt Simulacrum        Ice/Alch       Unusable   N/A       N/A         6

Dungeon Overview and Level Annotations

Branches:
Dungeon (15/15)            Temple (1/1) D:4            Lair (5/5) D:11
  Swamp (1/4) Lair:2       Spider (1/4) Lair:3        Slime (0/5) Lair:4
    Orc (2/2) D:10            Elf (1/3) Orc:2        Vaults (0/5) D:13
 Depths (0/4) D:15          Sewer (visited)          Bailey (visited)
  IceCv (visited)

Altars:
Ashenzari
Cheibriados
Dithmenos
Elyvilon
Fedhas
Gozag
Hepliaklqana
Kikubaaqudgha
Makhleb
Nemelex Xobeh
Okawaru
Qazlal
Ru
Sif Muna
Trog
Uskayaw
Vehumet
Wu Jian
Xom
Yredelemnul
Zin
The Shining One
Jiyva

Shops:
D:2 [   D:8 (   Orc:1 !?   Orc:2 [[[:?**!   Elf:1 :

Annotations:
Lair:1 Casa
Elf:1 1 runed translucent door, Diacedd's ghost, veteran BaSh


Innate Abilities, Weirdness & Mutations

You are a hulking beast.
Your limbs bulge with bestial killing power. (Slay +3)
You have a pair of horns on your head.
You reflexively headbutt those who attack you in melee.


Message History

You block the redback's attack. The tarantella barely misses you.
You furiously retaliate!
You headbutt the tarantella!
You kill the tarantella!
Okawaru accepts your kill. You block the wolf spider's attack.
The wolf spider barely misses you.
The redback bites you but does no damage.
The wolf spider barely misses you. You furiously retaliate!
You headbutt the wolf spider!
The wolf spider bites you but does no damage.
You closely miss the wolf spider.
The wolf spider is lightly wounded.
Your +3 spectral scimitar hits the wolf spider!
You feel very sick. The redback bites you!
* * * LOW HITPOINT WARNING * * *
You are lethally poisoned!
The redback poisons you! The wolf spider hits you.
* * * LOW HITPOINT WARNING * * *
The wolf spider bites you but does no damage.
Unknown command.
You closely miss the wolf spider. You headbutt the wolf spider!
The wolf spider is severely wounded.
Your +3 spectral scimitar completely misses the wolf spider.
* * * LOW HITPOINT WARNING * * *
You feel extremely sick. You block the redback's attack.
You block the wolf spider's attack. The wolf spider bites you!
* * * LOW HITPOINT WARNING * * *
You are more poisoned.
The wolf spider poisons you!
You feel much better.
Your +3 spectral scimitar disappears.
* * * LOW HITPOINT WARNING * * *
You feel extremely sick. The redback bites you!
* * * LOW HITPOINT WARNING * * *
The wolf spider closely misses you. You block the wolf spider's attack.
You are confused.
You feel invigorated.
You die...

.#...###.†.###P........##
.#...###....###.......<.#
.#....#.....###........##
.....##.....##.........#
#....##..#..####.......#
#....###..##.###.......#
#.....##...##..###.....###
##....#.#.#....s##.>.....#
##............sh#...#####
###...^..#....†##...##
#.###...#.#....#.....#
###.#####...###.......##
#.#..##..#...##.......P#
..'..##......##......P##
##...##..^...###......#
#...##....###........#
#..(.###†.# ##.......#


You could see a wolf spider and a redback.

Vanquished Creatures
  Agnes (Elf:1)
  Roxanne (Elf:1)
  A deep elf death mage (Elf:1)
  An eleionoma (Lair:2)
  Nessos (D:12)
  A bunyip (Swamp:1)
  Azrael (Elf:1)
  Josephine (Lair:5)
  Fannar (D:12)
  A vault guard (D:13)
  A catoblepas (Lair:5)
  7 hydras
  An alligator (Swamp:1)
  A merfolk avatar (Lair:5)
  3 centaur warriors
  5 ogre magi
  17 two-headed ogres
  Erica (D:8)
  3 dancing weapons (Elf:1)
  3 boulder beetles
  An orc high priest (Orc:1)
  A deep troll earth mage (D:15)
  A tengu warrior (D:13)
  Urug (Lair:2)
  5 deep elf knights (Elf:1)
  A skeletal warrior (D:15)
  A pharaoh ant (Lair:3)
  5 deep elf archers (Elf:1)
  An arcanist (D:15)
  2 goliath frogs (Swamp:1)
  2 sea snakes (Lair:5)
  An obsidian statue (D:12)
  A lindwurm (Lair:1)
  3 orc knights (D:15)
  A bog body (Swamp:1)
  Pikel (D:6)
  A harpy (Lair:5)
  3 deep elf zephyrmancers (Elf:1)
  A wolf spider (Lair:3)
  2 deep elf pyromancers
  13 ugly things
  A shining eye (shapeshifter) (Elf:1)
  An orc sorcerer (Elf:1)
  An oklob plant (Lair:5)
  8 manticores
  2 will-o-the-wisps (Swamp:1)
  3 kobold blastminers
  A meliai (shapeshifter) (D:13)
  A guardian serpent (D:13)
  Joseph (D:7)
  33 elephants
  7 cyclopes
  6 black mambas
  3 ice statues
  13 cane toads
  2 gargoyles (D:12)
  6 rime drakes
  A freezing wraith (IceCv)
  Psyche (D:8)
  2 efreet
  8 komodo dragons
  2 tengu conjurers (D:15)
  A troll (shapeshifter) (Elf:1)
  5 trolls
  2 tyrant leeches
  A hornet (Lair:5)
  A wind drake (Lair:5)
  A tarantella (Lair:3)
  Prince Ribbit (D:7)
  19 blink frogs
  4 dream sheep (Lair:5)
  An air elemental (Elf:1)
  11 slime creatures
  7 wraiths
  4 culicivoras (Lair:3)
  A yak (shapeshifter) (D:13)
  4 basilisks
  2 water elementals (Elf:1)
  10 wyverns
  3 fire elementals (Elf:1)
  65 yaks
  24 vampire mosquitoes
  A warg (D:15)
  A redback (Lair:3)
  4 steam dragons
  3 acid dragons
  10 water moccasins
  4 hell hounds (Elf:1)
  A black bear (D:4)
  4 ice beasts
  23 orc warriors
  2 sky beasts
  A boggart (D:15)
  22 ogres
  20 centaurs
  11 wolves
  A phantom (D:4)
  A lemure (D:6)
  3 kobold brigands
  Blork the orc (D:5)
  11 bullfrogs
  2 cane toad simulacra (IceCv)
  A scorpion (D:6)
  11 wights
  6 killer bees (D:11)
  4 electric eels
  4 howler monkeys
  2 bombardier beetles (D:5)
  3 jellies
  4 hounds
  10 orc priests
  A gnoll bouda (D:7)
  4 iguanas
  12 orc wizards
  A polar bear simulacrum (IceCv)
  A wolf simulacrum (IceCv)
  4 gnolls (D:7)
  2 river rats
  11 adders
  A shadow imp (D:7)
  3 white imps
  4 ribbon worms
  A dart slug (D:3)
  68 orcs
  11 ball pythons
  14 endoplasms
  11 giant cockroaches
  11 goblins
  8 hobgoblins
  3 jackals (D:2)
  5 quokkas
  5 bats
  8 frilled lizards
  23 kobolds
  5 rats
758 creatures vanquished.

Vanquished Creatures (others)
  A deep elf knight (Elf:1)
  An orc (Bailey)
  8 foxfires (Swamp:1)
  6 spectral weapons
16 creatures vanquished.

Grand Total: 774 creatures vanquished

Notes
Turn   | Place    | Note
-------+----------+-------------------------------------------
     0 | D:1      | Peloso the Minotaur Fighter began the quest for the Orb.
     0 | D:1      | Reached XP level 1. HP: 19/19 MP: 0/0
    88 | D:1      | Reached XP level 2. HP: 24/27 MP: 1/1
   300 | D:1      | Reached XP level 3. HP: 33/33 MP: 2/2
   941 | D:2      | Found Jalouler's Armour Shop.
   985 | D:2      | Reached XP level 4. HP: 35/41 MP: 3/3
  1608 | D:3      | Found a shadowy altar of Dithmenos.
  1646 | D:3      | Reached XP level 5. HP: 47/47 MP: 4/4
  1726 | D:3      | Found a glowing silver altar of Zin.
  1957 | D:3      | Found an opulent altar of Gozag.
  1997 | D:4      | Found a snail-covered altar of Cheibriados.
  2027 | D:4      | Found a glowing drain.
  2047 | D:4      | Reached skill level 1 in Dodging
  2084 | Sewer    | Entered a sewer
  2096 | Sewer    | Reached skill level 5 in Long Blades
  2191 | Sewer    | Reached XP level 6. HP: 55/55 MP: 5/5
  2237 | Sewer    | Found a viscous altar of Jiyva.
  2244 | Sewer    | Reached skill level 5 in Armour
  2429 | D:4      | Found a staircase to the Ecumenical Temple.
  2512 | D:4      | Reached skill level 5 in Fighting
  2514 | D:4      | Reached XP level 7. HP: 38/61 MP: 6/6
  2545 | D:5      | Entered Level 5 of the Dungeon
  2838 | D:5      | Found a white marble altar of Elyvilon.
  3056 | D:5      | Noticed Blork the orc
  3172 | D:6      | Reached skill level 5 in Shields
  3206 | D:6      | Noticed Pikel
  3219 | D:6      | Killed Pikel
  3220 | D:6      | Reached XP level 8. HP: 55/70 MP: 7/7
  3416 | D:6      | Found a transporter.
  3530 | D:6      | Found a transporter.
  3687 | D:6      | Found a hide-covered altar of Uskayaw.
  4037 | D:7      | Reached XP level 9. HP: 75/75 MP: 8/8
  4109 | D:7      | Noticed Joseph
  4125 | D:7      | Reached skill level 10 in Long Blades
  4143 | D:7      | Killed Joseph
  4240 | Temple   | Entered the Ecumenical Temple
  4779 | D:5      | Killed Blork the orc
  4789 | D:5      | Found a shimmering blue altar of Sif Muna.
  4855 | D:7      | Noticed Prince Ribbit
  4878 | D:7      | Killed Prince Ribbit
  5095 | D:7      | Found a burning altar of Makhleb.
  5472 | D:8      | Found a shimmering altar of Xom.
  5479 | D:8      | Found a broken altar of Ashenzari.
  5482 | D:8      | Found an iron altar of Okawaru.
  5482 | D:8      | Found a sacrificial altar of Ru.
  5489 | D:8      | Became a worshipper of Warmaster Okawaru
  5497 | D:8      | Found a sparkling altar of Nemelex Xobeh.
  5630 | D:8      | Noticed Psyche
  5647 | D:8      | Killed Psyche
  5647 | D:8      | Reached * piety under Okawaru
  5706 | D:8      | Reached XP level 10. HP: 47/86 MP: 9/9
  5754 | D:8      | Found Ymnashil's Antique Weapon Shop.
  5756 | D:8      | Noticed Erica
  6010 | D:8      | Reached ** piety under Okawaru
  6019 | D:8      | Killed Erica
  6047 | D:8      | Bought a brightly glowing falchion for 264 gold pieces
  6047 | D:8      | Identified the +3 falchion of Equivalence {antimagic,
                  | ^Fragile rF+ rC+ rCorr} (You bought it in a shop on level 8
                  | of the Dungeon)
  6530 | D:9      | Reached skill level 10 in Armour
  6658 | D:9      | Identified the +1 leather armour "Hero's Friend" {Will+}
  6788 | D:9      | Reached *** piety under Okawaru
  7205 | D:10     | Entered Level 10 of the Dungeon
  7270 | D:10     | Found a flagged portal.
  7287 | Bailey   | Entered a bailey
  7338 | Bailey   | Reached **** piety under Okawaru
  7516 | Bailey   | Reached XP level 11. HP: 84/95 MP: 10/10
  7570 | Bailey   | Reached skill level 1 in Stealth
  7741 | Bailey   | Got the Omnibus of Percussion
  8302 | D:10     | Found a staircase to the Orcish Mines.
  8507 | D:11     | Reached ***** piety under Okawaru
  8510 | D:11     | Found a staircase to the Lair.
  8667 | D:11     | Received a gift from Okawaru
  8762 | D:11     | Noticed a centaur warrior
  8804 | D:11     | Reached skill level 1 in Evocations
  8816 | D:11     | Reached skill level 10 in Fighting
  8835 | D:11     | Killed a centaur warrior
  9282 | Lair:1   | Entered Level 1 of the Lair of Beasts
  9288 | Lair:1   | Noticed a six-headed hydra
  9295 | Lair:1   | Killed a two-headed hydra
  9335 | Lair:1   | Reached XP level 12. HP: 92/107 MP: 11/11
  9413 | Lair:1   | Reached skill level 10 in Shields
  9450 | Lair:1   | Received a gift from Okawaru
  9451 | Lair:1   | Reached skill level 15 in Long Blades
 10300 | Lair:2   | Noticed a four-headed hydra
 10314 | Lair:2   | Killed a one-headed hydra
 10390 | Lair:2   | Reached ****** piety under Okawaru
 10392 | Lair:2   | Received a gift from Okawaru
 10452 | Lair:2   | Found a staircase to the Swamp.
 10452 | Lair:2   | Noticed an eleionoma
 10469 | Lair:2   | Killed an eleionoma
 10548 | Lair:2   | Noticed Urug
 10565 | Lair:2   | Killed Urug
 10573 | Lair:2   | Reached XP level 13. HP: 73/119 MP: 10/12
 10692 | Lair:2   | Received a gift from Okawaru
 12168 | Lair:3   | You fall into a shaft and drop 2 floors!
 12168 | Lair:5   | Entered Level 5 of the Lair of Beasts
 12199 | Lair:5   | Received a gift from Okawaru
 12660 | Lair:3   | Received a gift from Okawaru
 12859 | Lair:3   | Found a hole to the Spider Nest.
 13085 | Lair:3   | Identified the +7 hand axe "Veth" {freeze, rPois MP-9
                  | Dex+3}
 13373 | Lair:4   | Found a viscous altar of Jiyva.
 13373 | Lair:4   | Found a staircase to the Slime Pits.
 13421 | Lair:4   | Reached skill level 1 in Shapeshifting
 13426 | Lair:4   | Received a gift from Okawaru
 13433 | Lair:4   | Reached skill level 15 in Armour
 14248 | D:12     | Reached XP level 14. HP: 94/130 MP: 13/13
 14254 | D:12     | Found a frozen archway.
 14268 | D:12     | Noticed Fannar
 14289 | D:12     | Killed Fannar
 14343 | IceCv    | Entered an ice cave
 14354 | IceCv    | Found a transporter.
 14364 | IceCv    | Found a transporter.
 14398 | IceCv    | Identified the +1 hat of Hadetuic {rPois}
 14513 | D:12     | Received a gift from Okawaru
 14776 | D:12     | Found a blossoming altar of Fedhas.
 14960 | D:12     | Reached skill level 1 in Invocations
 15058 | D:12     | Noticed Nessos
 15278 | D:12     | HP: 5/132 [Nessos/arrow (4)]
 15390 | D:12     | Killed Nessos
 15797 | Orc:1    | Entered Level 1 of the Orcish Mines
 15880 | Orc:1    | Found Casmesch's Magic Scroll Shop.
 15888 | Orc:1    | Bought a scroll of identify for 30 gold pieces
 15889 | Orc:1    | Bought a scroll of identify for 30 gold pieces
 15889 | Orc:1    | Bought a scroll of fog for 60 gold pieces
 16014 | Orc:2    | Entered Level 2 of the Orcish Mines
 16165 | Orc:1    | Received a gift from Okawaru
 16241 | Orc:2    | Paralysed by an ogre mage for 2 turns
 16978 | Orc:2    | Paralysed by an ogre mage for 2 turns
 17172 | Orc:2    | Paralysed by an ogre mage for 2 turns
 17309 | Orc:2    | Found Zuwiurr's Armour Boutique.
 17309 | Orc:2    | Found Dan Fago's Antique Armour Shoppe.
 17310 | Orc:2    | Found Yrreu's Magic Scroll Emporium.
 17310 | Orc:2    | Found Woxti's Book Boutique.
 17314 | Orc:2    | Received a gift from Okawaru
 17322 | Orc:2    | Bought a scroll of revelation for 127 gold pieces
 17352 | Orc:2    | Found Ramebud's Distillery.
 17362 | Orc:2    | Found a staircase to the Elven Halls.
 17371 | Orc:2    | Bought a potion of heal wounds for 75 gold pieces
 17518 | Orc:2    | Found Loxa Tocedd's Armour Shoppe.
 17528 | Orc:2    | Found Leke's General Store.
 17528 | Orc:2    | Found Voqo's Assorted Antiques.
 17840 | Orc:1    | Found Vuamif's Distillery.
 17936 | Orc:1    | Reached skill level 15 in Fighting
 18648 | Lair:5   | Reached XP level 15. HP: 99/141 MP: 14/14
 18896 | Lair:5   | Received a gift from Okawaru
 19271 | Lair:5   | Identified the staff "Zooth" {+Blink rPois rC+ Str+2 Hexes
                  | Ice}
 19272 | Lair:5   | Identified the staff of Wyrd {Int+2 Dex+6 Conj}
 19534 | Lair:5   | Noticed Josephine
 20045 | Lair:5   | Killed Josephine
 20792 | D:13     | Received a gift from Okawaru
 20863 | D:13     | Found a gate to the Vaults.
 22795 | D:14     | You fall into a shaft and drop 1 floor!
 22795 | D:15     | Entered Level 15 of the Dungeon
 22883 | D:15     | Found a staircase to the Depths.
 23017 | D:14     | Received a gift from Okawaru
 23786 | D:15     | Reached skill level 5 in Shapeshifting
 25196 | Elf:1    | Entered Level 1 of the Elven Halls
 25227 | Elf:1    | Noticed Roxanne
 25247 | Elf:1    | Reached XP level 16. HP: 145/152 MP: 15/15
 25532 | Elf:1    | Noticed Agnes
 25560 | Elf:1    | Killed Agnes
 25754 | Elf:1    | Noticed Azrael
 25761 | Elf:1    | Killed Azrael
 25882 | Elf:1    | Received a gift from Okawaru
 25992 | Elf:1    | Paralysed by an air elemental for 1 turns
 26110 | Elf:1    | Found a radiant altar of Vehumet.
 26225 | Elf:1    | Found a runed translucent door.
 26260 | Elf:1    | Found Exees's Book Boutique.
 26378 | Elf:1    | Noticed Diacedd's ghost (veteran BaSh)
 26421 | Elf:1    | Killed Roxanne
 26671 | Swamp:1  | Entered Level 1 of the Swamp
 27087 | Spider:1 | Entered Level 1 of the Spider Nest
 27096 | Lair:3   | Reached skill level 5 in Stealth
 27128 | Lair:3   | HP: 4/151 [redback (7)]
 27129 | Lair:3   | Succumbed to a wolf spider's poison

Illustrated notes

Levels and vault maps discovered:
D:1:      orjb1_clovarrival, layout_rooms, grunt_decor_clamped
D:2:      layout_basic, serial_shops, shop, minmay_misc_feat_diagonals
D:3:      layout_loops_cross, pdpol_temple_overflow_zin_treasury_gozag_greed,
          mainiacjoe_overflow_alcove_2, minivault_14
D:4:      layout_rooms, mainiacjoe_overflow_tiny_flanked,
          minmay_temple_entry_mini_moons, cheibrodos_sewer_entry_sluice
D:5:      layout_loops_ring, elyvilon_altar_1, tgw_sif, minmay_parallelograms
D:6:      gammafunk_steamed_eel, layout_loops_ring,
          mainiacjoe_overflow_brackets, uniq_pikel
D:7:      layout_basic, lemuel_tele_altar, minivault_5,
          minmay_manual_monstrance, uniq_prince_ribbit1, uniq_joseph
D:8:      layout_basic, nicolae_overflow_hallway_of_the_gods, serial_shops,
          nicolae_shop_overgrown_old_shop, uniq_psyche, uniq_erica
D:9:      layout_irregular_city
D:10:     layout_basic, orc_0_dummy, enter_bailey_3
D:11:     layout_loops_ring, hellmonk_lair_entry_icy, corexii_leaking_fountain,
          minmay_mirror_moons_of_madness
D:12:     minmay_separated_statues, layout_loops_ring,
          portal_ice_cave_entry_pillars_1, fedhas_bush_and_centaur_altar,
          uniq_fannar, uniq_nessos
D:13:     layout_layer_cave, david_vaults_5, chequers_avenue,
          nrook_guardian_serpent_ordinary
D:14:     layout_stronghold, hangedman_decor_clover_reticule
D:15:     hellmonk_depths_entry_around_the_bend, layout_irregular_city,
          minivault_11
Temple:   compressed_dpeg_triangle_lava_temple
Lair:1:   layout_hall_layers
Lair:2:   layout_layer_cave, alex1729_swamp_entry_worm_eleionoma,
          patterned_corridor, serial_bayou_shore_b, grunt_megastairs_4,
          infiniplex_staircase_pool, uniq_urug
Lair:3:   layout_roguey, hellmonk_spider_entry_life_and_decay
Lair:4:   layout_loops_ring, slime_entry_1, minivault_25, grunt_megastairs_2
Lair:5:   gammafunk_lair_ancient_temple, layout_cave_pods, uniq_josephine
Swamp:1:  layout_falls_marsh, hangedman_swamp_ruin_wall, swamp_pool_1_2,
          nicolae_swamp_catching_bugs, nicolae_swamp_tree_isthmus
Spider:1: layout_spider_delve, uniq_mlioglotl
Orc:1:    layout_caves, serial_shops, nicolae_shop_trees, shop_statue
Orc:2:    st_orc_ogre_mass, layout_caves, serial_shops, nicolae_shop_crystal,
          shop, nicolae_shop_just_a_little_nook, shop
Elf:1:    layout_gridlike, ebering_ghost_reflecting_pool, basic_altar,
          serial_shops, shop, evilmike_minifort, st_stairs_1, uniq_agnes,
          uniq_roxanne, uniq_zenata, uniq_azrael

Skill      XL: |  1  2  3  4  5  6  7  8  9 10 11 12 13 14 15 16 |
---------------+-------------------------------------------------+-----
Fighting       | 4 5 6 7 8 10 12 13 15 16 | 16.8
Armour         | 4 5 6 7 8 11 13 15 16 17 18 | 18.2
Long Blades    | 3 4 5 8 9 11 13 14 15 16 17 18 | 18.9
Shields        | 4 5 6 7 9 11 12 13 14 | 14.5
Dodging        | 1 2 3 |  3.7
Stealth        | 1 2 3 4 5 |  5.0
Evocations     | 1 |  1.3
Shapeshifting  | 1 3 5 |  5.7
Invocations    | 1 |  1.2

Action                     |  1- 3 |  4- 6 |  7- 9 | 10-12 | 13-15 | 16-18 || total
---------------------------+-------+-------+-------+-------+-------+-------++-------
  Melee: Long sword        |    97 |   180 |   114 |       |       |       ||   391
         Headbutt          |    13 |    27 |    56 |   148 |   324 |    56 ||   624
         Scimitar          |       |       |   170 |   584 |  1043 |   146 ||  1943
 Invoke: Heroism           |       |       |       |     3 |     6 |     3 ||    12
  Evoke: Wand              |       |       |       |     6 |     4 |       ||    10
    Use: Scroll            |     2 |     6 |     1 |    13 |    11 |     3 ||    36
         Potion            |     1 |       |     2 |     2 |     3 |     8 ||    16
   Stab: Distracted        |       |       |       |     3 |    18 |     6 ||    27
 Armour: Scale mail        |    61 |   115 |    17 |       |       |       ||   193
         Plate armour      |       |       |   181 |   235 |       |       ||   416
         Crystal plate arm |       |       |       |   329 |   885 |   162 ||  1376
  Dodge: Dodged            |    76 |   146 |   162 |   374 |   454 |    36 ||  1248
  Block: Buckler           |    35 |    40 |    62 |   219 |   336 |    63 ||   755
   Form: Beast             |       |       |       |       |     1 |       ||     1
